 Dungeon Crawl Stone Soup version 0.28.0 (webtiles) character file.

Game seed: 1699157744966964371

485 Ayyar the Chopper (level 7, -7/91 HPs)
             Began as a Hill Orc Monk on Apr 14, 2022.
             Was a Priest of Beogh.
             Succumbed to Duvessa's poison
             ... on level 4 of the Dungeon.
             The game lasted 00:10:05 (4334 turns).

Ayyar the Chopper (Hill Orc Monk)                   Turns: 4334, Time: 00:10:06

Health: -7/91      AC: 27    Str: 16    XL:     7   Next: 13%
Magic:  8/8        EV:  2    Int: 10    God:    Beogh [***...]
Gold:   268        SH:  0    Dex: 13    Spells: 6/6 levels left

rFire   . . .      SeeInvis .   a - +0 hand axe
rCold   . . .      Faith    .   (no shield)
rNeg    . . .      Spirit   .   (armour currently unavailable)
rPois   +          Reflect  .   (helmet currently unavailable)
rElec   .          Harm     .   (cloak currently unavailable)
rCorr   .          Rampage  .   (gloves currently unavailable)
Will    .....      NoTele   +   (boots currently unavailable)
Stlth   +.........              (no amulet)
HPRegen 0.25/turn               h - +4 ring of protection
MPRegen 0.11/turn               (no ring)

@: lethally poisoned (-7 -> -41), lit by a corona, tree-form, hasted, glowing,
very quick
A: stationary, stasis, torment immunity, boosted hp
a: Renounce Religion, Smiting


You were on level 4 of the Dungeon.
You worshipped Beogh.
Beogh was most pleased with you.
You were a tree.
You visited 1 branch of the dungeon, and saw 4 of its levels.

You collected 268 gold pieces.

Inventory:

Hand Weapons
 a - a +0 hand axe (weapon)
Armour
 m - a +0 scale mail (melded)
Jewellery
 h - a +4 ring of protection (left branch)
Wands
 n - a wand of paralysis (5)
Scrolls
 b - a scroll of enchant armour {unknown}
 c - a scroll of holy word {unknown}
 d - a scroll of enchant weapon {unknown}
 e - 2 scrolls of identify {unknown}
 g - 2 scrolls of immolation {unknown}
 l - a scroll of vulnerability {unknown}
Potions
 f - a potion of berserk rage


   Skills:
 + Level 5.4 Fighting
 * Level 7.2 Axes
 + Level 3.1 Armour
 - Level 3.0 Dodging
 - Level 2.0 Stealth
 - Level 2.0 Invocations


You had 6 spell levels left.
You didn't know any spells.
Your spell library contained the following spells:

 Spells                   Type           Power      Damage    Failure   Level
 Animate Skeleton         Necr           0%         N/A       36%         1
 Apportation              Tloc           0%         N/A       36%         1
 Summon Small Mammal      Summ           0%         N/A       36%         1


Dungeon Overview and Level Annotations

Branches:
Dungeon (4/15)
 Temple: D:4-7

Altars:

Shops:
D:4 :

Annotations:
D:4 Duvessa


Message History

Dowan casts a spell at you.
You are outlined in light.
You hit Dowan.
You kill Dowan!
Beogh accepts your kill.
You hear a distant scream of rage.
There is a stone staircase leading up here.
Throw: dart (poison)
Press: ? - help, Q - select action, (/) - cycle Shift-Dir - straight line, f - Duvessa
Aim: Duvessa, wielding a +0 short sword of venom and wearing a +0 leather armour of poison resistance (63% to hit)
You throw a poisoned dart. The poisoned dart hits Duvessa.
Duvessa is poisoned.
Duvessa goes berserk!
You barely miss Duvessa.
Duvessa is lightly wounded.
Duvessa hits you with a +0 short sword of venom!
You are poisoned.
Duvessa hits you with a +0 short sword of venom!
You are lethally poisoned!
You hit Duvessa but do no damage.
Duvessa is lightly wounded.
You feel extremely sick. Duvessa hits you but does no damage.
You are more poisoned.
You hit Duvessa but do no damage.
Duvessa is lightly wounded.
* * * LOW HITPOINT WARNING * * *
You feel extremely sick.
Duvessa hits you with a +0 short sword of venom.
* * * LOW HITPOINT WARNING * * *
You are more poisoned.
Duvessa barely misses you.
It was a potion of lignification.
You turn into a tree.
Your +0 scale mail melds into your body.
Your roots penetrate the ground.
* * * LOW HITPOINT WARNING * * *
You feel extremely sick.
Duvessa hits you with a +0 short sword of venom.
* * * LOW HITPOINT WARNING * * *
It was a potion of haste.
You feel yourself speed up.
You die...

.##...)..<.##..#
......)....##..# #.. .#
###............# #.# .#
#.#..#.##...(###.####.##
...#....####............#
##.......................#
#$...#.##...............#
##(.............e........#
...............$♣..).....#
.................).)....##
.#...............<..........
.......................#'''#
.......e...............# ..#
...#...................# .#
.g.##g.>............$..# #
..# #..<.∩.............# ..
#.................?.#


You could see Duvessa (berserk, poisoned).

Vanquished Creatures
  A necrophage (D:3)
  Dowan (D:4)
  A jelly (D:3)
  A gnoll shaman (D:3)
  Terence (D:2)
  Natasha (thrice) (D:2)
  An orc wizard (D:3)
  A howler monkey skeleton (D:4)
  2 adders (D:2)
  3 gnolls
  An ufetubus (D:2)
  A worm (D:2)
  3 dart slugs
  5 orcs
  3 bats
  7 endoplasms
  7 giant cockroaches
  8 hobgoblins
  5 jackals (D:1)
  7 kobolds
  2 quokkas
  6 ball pythons
  13 frilled lizards
  7 goblins
  7 rats
97 creatures vanquished.

Vanquished Creatures (others)
  An orc (D:2)
  10 fungi (D:2)
  2 plants (D:1)
  5 toadstools (D:2)
18 creatures vanquished.

Grand Total: 115 creatures vanquished

Notes
Turn   | Place    | Note
-------+----------+-------------------------------------------
     0 | D:1      | Ayyar the Hill Orc Monk began the quest for the Orb.
     0 | D:1      | Reached XP level 1. HP: 19/19 MP: 1/1
     1 | D:1      | Found a runed translucent door.
    81 | D:1      | Reached XP level 2. HP: 24/27 MP: 2/2
   350 | D:1      | Found a faded altar of an unknown god.
   802 | D:1      | Reached XP level 3. HP: 21/33 MP: 3/3
  1458 | D:2      | Became a worshipper of Beogh the Brigand
  1458 | D:2      | Reached * piety under Beogh
  1458 | D:2      | Reached ** piety under Beogh
  1476 | D:2      | Reached skill level 1 in Armour
  1546 | D:2      | Reached XP level 4. HP: 24/40 MP: 4/4
  1731 | D:2      | Noticed Natasha
  1739 | D:2      | Killed Natasha
  1740 | D:2      | Reached skill level 5 in Axes
  1801 | D:2      | Noticed Natasha
  1822 | D:2      | Killed Natasha
  2229 | D:2      | Reached XP level 5. HP: 44/47 MP: 5/5
  2467 | D:2      | Noticed Natasha
  2484 | D:2      | Killed Natasha
  2749 | D:3      | Noticed Terence
  2790 | D:2      | Killed Terence
  2791 | D:2      | Reached skill level 1 in Invocations
  3145 | D:3      | Reached skill level 6 in Axes
  3287 | D:3      | Reached XP level 6. HP: 42/55 MP: 5/7
  3518 | D:4      | Noticed Dowan
  3603 | D:4      | Noticed Duvessa
  3662 | D:4      | Noticed a necrophage
  3662 | D:4      | Found Lodwia's Book Shoppe.
  3671 | D:3      | Killed a necrophage
  3672 | D:3      | Reached skill level 5 in Fighting
  3718 | D:4      | Reached *** piety under Beogh
  4013 | D:3      | Reached skill level 7 in Axes
  4169 | D:4      | Reached XP level 7. HP: 35/61 MP: 8/8
  4324 | D:4      | Killed Dowan
  4333 | D:4      | HP: 4/91 [poisoned by Duvessa]
  4333 | D:4      | HP: 1/91 [Duvessa (3)]
  4334 | D:4      | Succumbed to Duvessa's poison

Illustrated notes

Levels and vault maps discovered:
D:1:      dpeg_arrival_caged_fury, layout_basic,
          dreamdust_ecumenical_altar_hidden_monk_grotto, minmay_lizard_king
D:2:      layout_loops_ring, serial_park_tiny_pond, minmay_gold_behind_fungi,
          uniq_natasha
D:3:      layout_rooms, uniq_terence
D:4:      layout_rooms, serial_shops, kennysheep_mini_moat,
          nicolae_take_the_stairs, nicolae_shop_hallway_plus,
          nicolae_shop_overgrown_old_shop, shop, kennysheep_cross_bottleneck,
          uniq_duvessa

Skill      XL: |  1  2  3  4  5  6 |
---------------+-------------------+-----
Stealth        | 2 |  2.0
Fighting       | 4 5 |  5.4
Armour         | 1 2 3 |  3.1
Axes           | 5 6 7 |  7.2
Dodging        | 3 |  3.0
Invocations    | 1 2 |  2.0

Action                   |  1- 3 |  4- 6 |  7- 9 || total
-------------------------+-------+-------+-------++-------
Melee: Hand axe          |   166 |   194 |    12 ||   372
       Punch             |     1 |     2 |       ||     3
Throw: Dart              |       |    11 |     1 ||    12
Invok: Convert to Beogh  |     1 |       |       ||     1
  Use: Potion            |       |     1 |     2 ||     3
 Stab: Sleeping          |     5 |       |       ||     5
Armor: Robe              |    41 |     4 |       ||    45
       Scale mail        |       |    74 |     3 ||    77
Dodge: Dodged            |    96 |   113 |     4 ||   213
